 Dungeon Crawl Stone Soup version 0.31-a0-880-g9a209b2425 (webtiles) character file.

Game seed: 14277923720711252625

2347 BinkBink the Protected (level 9, -6/63 HPs)
             Began as a Minotaur Fighter on Oct 15, 2023.
             Was a Follower of Hepliaklqana.
             Killed from afar by Maggie (27 damage)
             ... with a bolt of fire
             ... on level 7 of the Dungeon.
             The game lasted 00:10:00 (6540 turns).

BinkBink the Protected (Minotaur Fighter)           Turns: 6540, Time: 00:10:01

Health: -6/63      AC: 11    Str: 25    XL:     9   Next: 20%
Magic:  8/8        EV:  9    Int:  5    God:    Hepliaklqana [*.....]
Gold:   331        SH: 11    Dex: 10    Spells: 8/8 levels left

rFire   . . .        e - +4 war axe (protect)
rCold   . . .        m - +1 kite shield
rNeg    . . .        b - +0 scale mail
rPois   .            (helmet restricted)
rElec   +            a - scarf of Vyuwam {+Inv, +Blink rElec}
rCorr   .            u - +0 pair of gloves
SInv    +            s - +0 pair of boots
Will    .....        (no amulet) Stlth
                     o - ring of see invisible
HPRegen 0.30/turn    (no ring)
MPRegen 0.11/turn

%: no passive effects
@: mesmerised
A: reduced essence, horns 2, retaliatory headbutt
a: Renounce Religion, Evoke Blink, Evoke Invisibility, Recall Ancestor, Ancestor
Identity


You were on level 7 of the Dungeon.
You worshipped Hepliaklqana.
Hepliaklqana was aware of your devotion.
You visited 1 branch of the dungeon, and saw 7 of its levels.

You collected 331 gold pieces.

Inventory:

Hand Weapons
 e - a +4 war axe of protection (weapon)
Armour
 a - the scarf of Vyuwam (worn) {+Inv, +Blink rElec}
   (You acquired it on level 4 of the Dungeon)

   rElec:     It insulates you from electricity.
   +Blink:    It lets you blink.
 b - a +0 scale mail (worn)
 m - a +1 kite shield (worn)
 s - a +0 pair of boots (worn)
 u - a +0 pair of gloves (worn)
Jewellery
 o - a ring of see invisible (left hand)
 t - a ring of fire
Wands
 p - a wand of flame (20)
 v - a wand of iceblast (3)
Scrolls
 c - 2 scrolls of poison
 f - a scroll of brand weapon
 k - 2 scrolls of teleportation
 n - 2 scrolls of identify
 w - a scroll of fog {unknown}
Potions
 d - a potion of might
 g - a potion of cancellation {unknown}
 h - 4 potions of attraction {unknown}
 i - 4 potions of heal wounds
 j - 2 potions of mutation {unknown}
 l - a potion of brilliance {unknown}
 q - a potion of ambrosia {unknown}
 r - 3 potions of curing {unknown}
 x - a potion of lignification {unknown}
 z - a potion of haste {unknown}


   Skills:
 - Level 3.6 Fighting
 + Level 9.0 Axes
 + Level 9.3 Armour
 + Level 9.2 Shields


You had 8 spell levels left.
You didn't know any spells.
Your spell library contained the following spells:

 Spells                   Type           Power      Damage    Failure   Level
 Sandblast                Erth           0%         2d4       89%         1
 Passwall                 Tmut/Erth      0%         N/A       96%         2
 Poisonous Vapours        Pois/Air       0%         N/A       96%         2
 Wereblood                Tmut           0%         N/A       96%         2
 Mephitic Cloud           Conj/Pois/Air  0%         N/A       99%         3
 Stone Arrow              Conj/Erth      0%         3d7       99%         3
 Brom's Barrelling Bould  Conj/Erth      0%         2d3       100%        4
 Freezing Cloud           Conj/Ice/Air   0%         6-21      100%        5
 Irradiate                Conj/Tmut      0%         3d11      100%        5


Dungeon Overview and Level Annotations

Branches:
Dungeon (7/15)
 Temple: D:4-7

Altars:
Ashenzari
Fedhas
Hepliaklqana

Annotations:
D:1 2 transporters
D:5 3 runed translucent doors, BritishOli's ghost, novice DsFi; Gladio's ghost, novice DrFi; Opifex's ghost, weakling TrDe; kuniqs's ghost, novice DsGl; ongoing's ghost, novice OpFi
D:6 Jeremiah
D:7 Maggie


Innate Abilities, Weirdness & Mutations

Your life essence is reduced to manifest your ancestor. (-10% HP)
You have a pair of horns on your head.
You reflexively headbutt those who attack you in melee.


Message History

Joseph dies!
Your life force feels restored.
Your Axes skill increases to level 9!
Your Armour skill increases to level 9!
Your Shields skill increases to level 9!
You swap places.
You slash the jelly!
Your hands burn!
Your headbutt misses the jelly.
The jelly is severely wounded.
The jelly hits you but does no damage.
You slash the jelly!
You kill the jelly!
Maggie the Vainglorious comes into view.
She is wielding a +1 broad axe of flaming and carrying a wand of iceblast.
Maggie shouts!
Maggie zaps a wand.
The mass of ice explodes!
The iceblast engulfs you.
You swap places.
Maggie zaps a wand.
The mass of ice explodes!
The iceblast engulfs Xochipepe!
Xochipepe partially resists.
Unknown command.
Maggie barely misses Xochipepe.
Xochipepe hits Maggie!
Maggie hits Xochipepe but does no damage.
Xochipepe hits Maggie!
Maggie barely misses Xochipepe.
Xochipepe hits Maggie.
Maggie barely misses Xochipepe.
Xochipepe closely misses Maggie.
Maggie hits Xochipepe with a +1 broad axe of flaming.
Maggie burns Xochipepe.
Xochipepe closely misses Maggie.
Maggie casts a spell.
Maggie attempts to bespell you!
You are mesmerised by Maggie!
Xochipepe hits Maggie but does no damage.
Maggie barely misses Xochipepe.
Xochipepe hits Maggie.
Maggie casts a spell at you.
The bolt of fire hits Xochipepe!
Xochipepe resists.
The bolt of fire hits you!
Xochipepe hits Maggie.
Maggie closely misses Xochipepe.
Xochipepe barely misses Maggie.
Maggie barely misses Xochipepe.
Xochipepe barely misses Maggie.
Maggie gestures at you while chanting.
The bolt of fire hits Xochipepe.
Xochipepe resists.
The bolt of fire hits you!!
You die...

...## ###
#....#.#.#.##
...#
....##..##...#..#
.#@.
............###.#
. .# ##..##.##
#.# ##.##.# #>#
#....# #.# ###..#
#.# #)### #.#
#.@<###.#
#.#.....#
#.####..# #.#
.......
#.#........#
#R#........#
@..######### ...
...


You could see the friendly Xochipepe the ancestor and Maggie (mesmerising, ally
target).

Vanquished Creatures
  An ice beast (D:6)
  2 ogres
  3 scorpions
  A bullfrog (D:6)
  7 wights
  2 howler monkeys
  3 hounds
  6 orc priests (D:4)
  2 jellies
  A sleepcap (D:6)
  12 orc wizards
  2 iguanas (D:6)
  10 gnolls
  8 adders
  A shadow imp (D:7)
  A worm (D:3)
  2 dart slugs
  35 orcs
  6 ball pythons
  2 endoplasms
  5 giant cockroaches
  9 goblins
  6 hobgoblins
  6 jackals
  3 quokkas
  4 bats
  A frilled lizard (D:1)
  A hobgoblin zombie (D:7)
  13 kobolds
  2 kobold zombies (D:7)
  3 rats
160 creatures vanquished.

Vanquished Creatures (collateral kills)
  Joseph (D:7)
  An orc priest (D:5)
  2 gnolls (D:5)
  An adder (D:5)
  3 orcs
  A quokka (D:5)
  A kobold zombie (D:7)
10 creatures vanquished.

Vanquished Creatures (others)
  An ancestor (D:7)
1 creature vanquished.

Grand Total: 171 creatures vanquished

Notes
Turn   | Place    | Note
-------+----------+-------------------------------------------
     0 | D:1      | BinkBink the Minotaur Fighter began the quest for the Orb.
     0 | D:1      | Reached XP level 1. HP: 19/19 MP: 0/0
    58 | D:1      | Reached XP level 2. HP: 26/26 MP: 1/1
   375 | D:1      | Reached XP level 3. HP: 31/31 MP: 2/2
   823 | D:2      | Reached XP level 4. HP: 37/39 MP: 3/3
  1598 | D:3      | Reached XP level 5. HP: 40/45 MP: 4/4
  1637 | D:3      | Found a broken altar of Ashenzari.
  1866 | D:3      | Found a faded altar of an unknown god.
  1896 | D:3      | Noticed an ogre
  1902 | D:3      | Killed an ogre
  1903 | D:3      | Reached skill level 5 in Armour
  1903 | D:3      | Reached skill level 5 in Shields
  1999 | D:3      | Found a hazy altar of Hepliaklqana.
  2225 | D:3      | Became a worshipper of Hepliaklqana the Forgotten
  2256 | D:4      | Reached XP level 6. HP: 18/51 MP: 5/5
  2264 | D:4      | Reached skill level 5 in Axes
  2591 | D:4      | Reached XP level 7. HP: 42/57 MP: 6/6
  2752 | D:4      | Identified a scroll of acquirement
  2752 | D:4      | Acquired the scarf of Vyuwam {+Inv, +Blink rElec}
  3604 | D:5      | Entered Level 5 of the Dungeon
  3975 | D:5      | Reached XP level 8. HP: 64/64 MP: 7/7
  4246 | D:5      | Reached * piety under Hepliaklqana
  4460 | D:5      | Found a blossoming altar of Fedhas.
  4847 | D:5      | Found a runed translucent gate.
  4848 | D:5      | Found a runed translucent gate.
  4849 | D:5      | Found a runed translucent gate.
  4849 | D:5      | Noticed BritishOli's ghost (novice DsFi)
  4849 | D:5      | Noticed kuniqs's ghost (novice DsGl)
  4850 | D:5      | Noticed Opifex's ghost (weakling TrDe)
  4850 | D:5      | Noticed ongoing's ghost (novice OpFi)
  4852 | D:5      | Noticed Gladio's ghost (novice DrFi)
  5608 | D:6      | Noticed Jeremiah
  6051 | D:7      | Noticed Joseph
  6274 | D:7      | Reached XP level 9. HP: 43/62 MP: 8/8
  6522 | D:7      | Killed Joseph
  6525 | D:7      | Noticed Maggie
  6540 | D:7      | Killed from afar by Maggie

Illustrated notes

Levels and vault maps discovered:
D:1:      spicycebolla_arrival_transporter_tutorial, layout_basic
D:2:      layout_loops_cross, minmay_misc_feat_rugged,
          roderic_nine_men_s_morris, nrook_campfire, dreamdust_princess_bridge,
          solitary_fountain
D:3:      layout_basic, mainiacjoe_overflow_concentric_impassable,
          old_standard_altar, shapermc_ecumenical_altar_acropolis
D:4:      layout_basic
D:5:      layout_cave_pods, general_overflow_altar, gammafunk_ghost_cemetery,
          hangedman_abyss_or_decor_stabs, grunt_ministairs_15
D:6:      layout_loops_ring, uniq_jeremiah
D:7:      layout_rooms, minmay_temple_entry_arrows, minmay_mini_ossuary,
          uniq_maggie, uniq_pikel, uniq_joseph

Skill      XL: |  1  2  3  4  5  6  7  8  9 |
---------------+----------------------------+-----
Shields        | 4 5 6 7 8 9 |  9.2
Axes           | 3 4 5 7 8 9 |  9.0
Armour         | 4 5 6 7 8 9 |  9.3
Fighting       | |  3.6

Action                     |  1- 3 |  4- 6 |  7- 9 || total
---------------------------+-------+-------+-------++-------
  Melee: War axe           |    72 |    94 |   226 ||   392
         Headbutt          |     7 |    14 |    36 ||    57
    Use: Potion            |       |     2 |       ||     2
         Scroll            |       |       |    10 ||    10
 Armour: Scale mail        |    54 |    62 |   146 ||   262
  Dodge: Dodged            |    40 |    36 |    72 ||   148
  Block: Buckler           |    15 |     1 |       ||    16
         Kite shield       |       |    42 |    99 ||   141

Table legend: (Time is in decaauts)
 A = Elapsed time spent in this place.
 B = Non-inter-level travel time spent in this place.
 C = Inter-level travel time spent in this place.
 D = Time resting spent in this place.
 E = Time spent auto-exploring this place.
 F = Levels seen in this place.
 G = Mean time per level.
                   A        B        C        D        E       F      G
               +--------+--------+--------+--------+--------+-----+--------+
         Total |   6663 |   6171 |    492 |    256 |   4601 |   7 |  951.9 |
       Dungeon |   6663 |   6171 |    492 |    256 |   4601 |   7 |  951.9 |
               +--------+--------+--------+--------+--------+-----+--------+

Top non-repeatable levels by time:
     D:4: 1721 daAuts
     D:5: 1233 daAuts
     D:6: 1044 daAuts
     D:3: 1008 daAuts
     D:2: 855 daAuts
     D:1: 560 daAuts
     D:7: 240 daAuts
